 Dungeon Crawl Stone Soup version 0.26-a0-964-g69f9a3b9e2 (webtiles) character file.

Game seed: 9009277127263365070

220 siradein the Vexing (level 5, -3/35 HPs)
             Began as a Vampire Enchanter on Dec 3, 2020.
             Slain by Natasha (4 damage)
             ... on level 3 of the Dungeon.
             The game lasted 00:17:10 (2679 turns).

siradein the Vexing (Vampire Enchanter)             Turns: 2679, Time: 00:17:11

Health: -3/35      AC:  3    Str:  7    XL:     5   Next: 64%
Magic:  8/8        EV: 13    Int: 18    God:
Gold:   70         SH:  0    Dex: 15    Spells: 1/8 levels left

rFire    + . .     SeeInvis +   o - +0 dagger (flame)
rCold    x . .     Faith    .   (no shield)
rNeg     . . .     Spirit   .   b - +0 robe
rPois    .         Reflect  .   (no helmet)
rElec    .         Harm     .   (no cloak)
rCorr    .         Rampage  .   (no gloves)
MR       .....                  h - +0 pair of boots
Stlth    ++........             l - amulet of magic regeneration
HPRegen  0.31/turn              j - ring of fire
MPRegen  0.36/turn              (no ring)

@: regenerating quickly, slowed, very slow
A: fangs 3, see invisible, unbreathing
a: Exsanguinate


You were on level 3 of the Dungeon.
You visited 1 branch of the dungeon, and saw 3 of its levels.

You collected 70 gold pieces.

Inventory:

Hand Weapons
 a - a +1 dagger
 o - a +0 dagger of flaming (weapon)
Armour
 b - a +0 robe (worn)
 h - a +0 pair of boots (worn)
Jewellery
 j - a ring of fire (left hand)
 l - an amulet of magic regeneration (around neck)
Scrolls
 d - a scroll of amnesia {unknown}
 g - 3 scrolls of teleportation {unknown}
 i - a scroll of magic mapping {unknown}
 k - 2 scrolls of immolation {unknown}
 p - a scroll of random uselessness {unknown}
 q - a scroll of blinking {unknown}
 s - a scroll of identify {unknown}
 t - 4 scrolls of enchant weapon {unknown}
Potions
 c - 2 potions of flight {unknown}
 e - a potion of ambrosia {unknown}
 f - a potion of berserk rage {unknown}
 m - 2 potions of heal wounds {unknown}
 n - 2 potions of attraction {unknown}
 r - a potion of degeneration {unknown}


   Skills:
 + Level 4.4 Short Blades
 - Level 2.1 Dodging
 - Level 4.4 Stealth
 - Level 2.0 Spellcasting
 + Level 7.3 Hexes


You had one spell level left.
You knew the following spells:

 Your Spells              Type           Power        Failure   Level
a - Corona                Hex            ####...      1%          1
b - Confusing Touch       Hex            ####....     2%          3
c - Tukima's Dance        Hex            ####....     2%          3

Your spell library contained the following spells:

 Spells                   Type           Power        Failure   Level
 Ensorcelled Hibernation  Hex/Ice        ##....       6%          2
 Dazzling Flash           Conj/Hex       ##....       12%         3


Dungeon Overview and Level Annotations

Branches:
Dungeon (3/15)

Altars:
Yredelemnul

Annotations:
D:3 1 runed translucent door, Crazy Yiuf, Natasha


Innate Abilities, Weirdness & Mutations

Your natural rate of healing is unusually fast.
You have razor-sharp teeth.
You have supernaturally acute eyesight. (SInv)
You can survive without breathing.


Message History

Natasha barely misses you.
Your unstable footing causes you to fumble your attack.
Your unstable footing causes you to fumble your attack.
Natasha claws you.
Your unstable footing causes you to fumble your attack.
Natasha seems less confused.
Natasha claws you.
* * * LOW HITPOINT WARNING * * *
You closely miss Natasha.
Natasha is lightly wounded.
Natasha howls an incantation.
Natasha's front paws start to glow.
Natasha claws you!
* * * LOW HITPOINT WARNING * * *
You barely miss Natasha.
Natasha is lightly wounded.
Natasha claws you but does no damage.
You hit Natasha.
Natasha is moderately wounded.
Natasha claws you.
You die...

#.......###..≈≈≈≈..###..........
#.##..### #.≈≈≈≈≈............#.#
#.##..# #..≈≈≈≈...##########.#
#.##.†#####..≈≈P≈P..# .#
#.##>.....#.≈≈≈≈....# #
#.##.####.....≈≈≈.### #.##.#
#....≈≈≈≈.#
##.##.######.≈≈≈≈..##
#...#........≈≈≈@≈..#
..#..######.≈≈≈h≈≈≈.#
.###.)..)[...≈≈≈≈≈≈.#
.÷#...####...≈≈≈≈≈≈.#
#...#.####.≈≈≈≈≈≈.≈.#
#####.#....≈≈≈≈≈≈≈..# #
#......P≈≈≈≈≈...# #
#.##..P≈≈≈≈≈≈...#
#####.##..P≈P≈≈≈≈..


You could see Natasha (resistant).

Vanquished Creatures
  An orc wizard (D:3)
  Natasha (D:3)
  7 adders
  An ooze (D:1)
  2 adder skeletons (D:2)
  2 worms (D:2)
  5 dart slugs
  4 leopard geckos
  3 orcs (D:3)
  5 bats
  A bat skeleton (D:2)
  2 bat zombies (D:2)
  4 giant cockroaches
  9 goblins
  4 hobgoblins
  8 kobolds
  A ball python zombie (D:2)
  4 frilled lizards
  A giant cockroach zombie (D:2)
  A leopard gecko skeleton (D:2)
  A leopard gecko zombie (D:2)
  10 rats
  A spectral orc (D:2)
78 creatures vanquished.

Vanquished Creatures (others)
  10 plants (D:3)
  2 withered plants (D:2)
12 creatures vanquished.

Grand Total: 90 creatures vanquished

Notes
Turn   | Place    | Note
-------+----------+-------------------------------------------
     0 | D:1      | siradein the Vampire Enchanter began the quest for the Orb.
     0 | D:1      | Reached XP level 1. HP: 13/13 MP: 3/3
   213 | D:1      | Reached XP level 2. HP: 19/19 MP: 5/5
   228 | D:1      | Reached skill level 5 in Hexes
   599 | D:1      | Reached XP level 3. HP: 15/24 MP: 4/6
  1226 | D:2      | Reached skill level 6 in Hexes
  1226 | D:2      | Reached XP level 4. HP: 14/30 MP: 7/7
  1821 | D:2      | Found a basalt altar of Yredelemnul.
  2209 | D:3      | Reached XP level 5. HP: 5/35 MP: 8/8
  2323 | D:3      | Learned a level 3 spell: Confusing Touch
  2327 | D:3      | Learned a level 3 spell: Tukima's Dance
  2380 | D:3      | Found a runed translucent door.
  2381 | D:3      | Noticed Crazy Yiuf
  2459 | D:3      | Reached skill level 7 in Hexes
  2543 | D:3      | Noticed Natasha
  2553 | D:3      | Killed Natasha
  2654 | D:3      | Noticed Natasha
  2677 | D:3      | HP: 1/35 [Natasha (9)]
  2679 | D:3      | Slain by Natasha

Illustrated notes

Levels and vault maps discovered:
D:1:      minmay_arrival_shattered_statue, layout_loops_corners
D:2:      layout_basic, yredelemnul_forgotten_temple_becter, serial_undead,
          serial_undead_c, serial_undead_c, serial_undead_a, serial_undead_f,
          serial_undead_e, serial_undead_d, serial_undead_f, serial_undead_e,
          serial_undead_e, serial_undead_e
D:3:      layout_loops_ring, chequers_big_river, cheibrodos_ashenzari_chains,
          uniq_crazy_yiuf_cottage, uniq_natasha

Skill      XL: |  1  2  3  4  5 |
---------------+----------------+-----
Hexes          | 5 6 7 |  7.3
Short Blades   | 2 3 4 |  4.4
Dodging        | |  2.1
Stealth        | |  4.4
Spellcasting   | |  2.0

Action                   |  1- 3 |  4- 6 || total
-------------------------+-------+-------++-------
Melee: Dagger            |   142 |   237 ||   379
       Bite              |     6 |    24 ||    30
 Cast: Corona            |    22 |    16 ||    38
       Confusing Touch   |       |     7 ||     7
 Stab: Sleeping          |     9 |     4 ||    13
       Confused          |       |     4 ||     4
Armor: Robe              |    30 |    59 ||    89
Dodge: Dodged            |    81 |   143 ||   224

Table legend: (Time is in decaauts)
 A = Elapsed time spent in this place.
 B = Non-inter-level travel time spent in this place.
 C = Inter-level travel time spent in this place.
 D = Time resting spent in this place.
 E = Time spent auto-exploring this place.
 F = Levels seen in this place.
 G = Mean time per level.
                   A        B        C        D        E       F      G
               +--------+--------+--------+--------+--------+-----+--------+
         Total |   2628 |   2571 |     57 |    155 |   1608 |   3 |  876.0 |
       Dungeon |   2628 |   2571 |     57 |    155 |   1608 |   3 |  876.0 |
               +--------+--------+--------+--------+--------+-----+--------+

Top non-repeatable levels by time:
     D:2: 1164 daAuts
     D:1: 972 daAuts
     D:3: 491 daAuts
